Purple, chaotic male elven Priest ------- ------- --------------- ----- ##...._.| |[[[[.| ------ |......{......| #...`| # |.....| |[[@.@-### |.....# |..............######|>...#######......| |)[[m.| # |....|# -|------------- -|--- ###---.--- |))[[f| ###|....|# # # # ## ------- #.....|# # # ### # |....|# # # # ### ------# # # ### # # # # # # # # #############################)########################## # # ### --.---|---- # #### |.........| # #--|-- |.........| ---.---------- ##|.^.| |.........| |..........<.| # |...+ |.........| |.............######### |...| ----------- |............| ----- -------------- Purple the Aspirant Experience level: 2 Strength: 12 Dexterity: 12 Constitution: 16 Intelligence: 8 Wisdom: 20 Charisma: 8 Health: 0(16) Energy: 36(36) Def: 4 Gold: 0 Moves: 725 Dungeon seed: Sq9RkXbq9qZIrEVo Game ID: Purple_1615039808 Your Inventory: Weapons a - a blessed +1 mace (weapon in hand) p - 11 +0 darts (in quiver) Armor e - a +0 robe (being worn) n - a +0 small shield (being worn) q - a +0 orcish helm (being worn) r - a blessed +1 pair of water walking boots Comestibles c - a clove of garlic d - a sprig of wolfsbane Scrolls k - a scroll of blank paper Spellbooks f - a spellbook of detect food g - a spellbook of light Potions b - 4 potions of holy water Tools h - a magic marker (0:49) i - a leather drum Spells and supernatural/magical abilities: Name Level Category Fail Memory l - light 1 divination 0% 97% E - detect food 2 divination 41% 97% W - pray for help -- divine ? -- X - turn undead -- divine ? -- Your skills at the end: Fighting Skills Weapon Skills mace [Basic] Spellcasting Skills clerical spells [Basic] Final Attributes: You were piously aligned. You had infravision. You are dead. Vanquished creatures: a hobbit a large kobold 6 jackals a kobold a goblin 2 grid bugs 2 lichens a kobold zombie 3 newts 18 creatures vanquished. Voluntary challenges: You were an atheist. You used a wielded weapon 15 times, starting on turn 27. You read items or engraved 1 time, starting on turn 183. You never genocided any monsters. You never polymorphed an object. You never changed form. You used no wishes. You never split a pudding. You never wrote Elbereth's name. You never violated your personal moral code. Dungeon overview: The Dungeons of Doom: levels 1 to 2 Level 1 a long staircase Level 2 <- You were here an armor shop, an altar to Mog, a fountain History has recorded: On T:1 you entered the Dungeons of Doom to retrieve the Amulet of Yendor! On T:254 you reached level 2 of The Dungeons of Doom. On T:584 you advanced to experience level 2. Score breakdown: Gold: 0 ( 0 points) Experience: 2 levels ( 5570 points) Exploration: 2 levels ( 3.92%) ( 4242 points) Discoveries: 1 item ( 0.35%) ( 1773 points) Valuables value: (no points given unless you survive) Artifact value: 0 ( 0 points) Variety of kills: 9 monsters ( 2.36%) ( 4610 points) Turncount: 725 turns ( 0 points) Survival: died (score multiplied by 80%) Total score: 12956 Latest messages: p - 11 darts (in quiver). You displace Qwerty. The door opens. "Hello, Purple! Welcome to Siirt's used armor dealership!" You see here a blessed pair of buckled boots (80 zorkmids). "For you, most gracious sir; only 80 for this pair of buckled boots." r - a blessed pair of buckled boots (unpaid, 80 zorkmids). You see here a banded mail (120 zorkmids). You see here a leather jacket (13 zorkmids). You see here a banded mail (120 zorkmids). You see here a scale mail (60 zorkmids). You see here a cursed etched helmet (66 zorkmids). You see here a banded mail (120 zorkmids). You see here a blessed banded mail (146 zorkmids). Wait! That's a small mimic! You hit the small mimic! The small mimic hits! You hit the small mimic! You miss the small mimic. You hit the small mimic! You miss the small mimic. The small mimic hits! You die... Siirt comes and takes all your possessions. Final status: Goodbye Purple the Priest, killed by a small mimic... You died in The Dungeons of Doom on dungeon level 2 with 12956 points, and 0 pieces of gold, after 725 moves. You were level 2 with a maximum of 16 hit points when you died.